 Dungeon Crawl Stone Soup version 0.31.0-9-g3a7656b989 (webtiles) character file.

Game seed: 15772008511388004056

8724 Arcadio the Fighter (level 11, -8/91 HPs)
             Began as a Human Monk on Jan 24, 2024.
             Was an Elder of Wu Jian.
             Mangled by a boulder beetle (15 damage)
             ... on level 10 of the Dungeon.
             The game lasted 00:21:22 (10570 turns).

Arcadio the Fighter (Human Monk)                   Turns: 10570, Time: 00:21:23

Health: -8/91      AC: 17    Str: 11    XL:     11   Next: 35%
Magic:  20/20      EV:  5    Int: 11    God:    Wu Jian [****..]
Gold:   528        SH:  0    Dex: 20    Spells: 10/10 levels left

rFire   + + .        v - +6 dagger "Vairih" {freeze, rC+}
rCold   + . .        d - orb {light}
rNeg    . . .        K - +3 plate armour {rF+}
rPois   .            (no helmet)
rElec   .            f - +1 cloak
rCorr   .            (no gloves)
SInv    .            (no boots)
Will    .....        (no amulet) Stlth
                     g - ring of magical power
HPRegen 0.35/turn    G - ring of protection from fire
MPRegen 0.17/turn

%: no passive effects
@: hasted, glowing, very quick
A: explore regen
a: Renounce Religion, Wall Jump, Serpent's Lash


You were on level 10 of the Dungeon.
You worshipped Wu Jian.
Wu Jian was greatly pleased with you.
You visited 3 branches of the dungeon, and saw 12 of its levels.

You collected 528 gold pieces.

Inventory:

Hand Weapons
 a - a +0 short sword
 i - a +2 dagger of venom
 l - a +1 dagger of speed
 u - a +3 quarterstaff of chaos
 v - the +6 dagger "Vairih" (weapon) {freeze, rC+}
   (You found it on level 4 of the Dungeon)

   rC+:       It protects you from cold.
 z - a +0 rapier
 F - a +2 shortbow of electrocution
Armour
 b - a +0 robe
 d - an orb of light (worn)
 f - a +1 cloak (worn)
 A - a +0 ring mail
 I - a +0 plate armour
 K - a +3 plate armour of fire resistance (worn)
Jewellery
 g - a ring of magical power (left hand)
 G - a ring of protection from fire (right hand)
 L - a ring of magical power
 M - a ring of see invisible
Wands
 w - a wand of quicksilver (26)
 x - a wand of roots (6)
 H - a wand of paralysis (1)
Scrolls
 e - 2 scrolls of enchant weapon {unknown}
 h - a scroll of immolation {unknown}
 k - a scroll of vulnerability {unknown}
 r - a scroll of identify
 s - 3 scrolls of revelation {unknown}
 y - 3 scrolls of fog
 C - a scroll of torment {unknown}
 D - 2 scrolls of blinking {unknown}
 E - 2 scrolls of fear {unknown}
 O - a scroll of enchant armour
Potions
 c - 5 potions of ambrosia
 j - 2 potions of cancellation
 m - 2 potions of attraction
 o - a potion of brilliance {unknown}
 p - 2 potions of haste
 t - 5 potions of curing
 B - a potion of resistance {unknown}
 J - a potion of enlightenment {unknown}
 N - a potion of mutation {unknown}


   Skills:
 + Level 10.2 Fighting
 + Level 10.1 Short Blades
 + Level 5.0 Armour
 + Level 10.1 Dodging


You had 10 spell levels left.
You didn't know any spells.
Your spell library contained the following spells:

 Spells                   Type           Power      Damage    Failure   Level
 Lesser Beckoning         Tloc           0%         N/A       100%        2
 Static Discharge         Conj/Air       0%         3-3/arc   100%        2
 Dazzling Flash           Conj/Hex       0%         N/A       100%        3
 Gell's Gravitas          Tloc           0%         N/A       100%        3
 Mephitic Cloud           Conj/Alch/Air  0%         N/A       100%        3
 Teleport Other           Tloc           0%         N/A       100%        3
 Airstrike                Air            0%         2d(0-16)  100%        4
 Ignite Poison            Fire/Alch      0%         N/A       100%        4
 Summon Lightning Spire   Summ/Air       0%         N/A       100%        4
 Curse of Agony           Necr           0%         N/A       100%        5
 Silence                  Hex/Air        0%         N/A       100%        5
 Yara's Violent Unravell  Hex/Alch       0%         3d3       100%        5
 Infestation              Necr           0%         N/A       100%        8


Dungeon Overview and Level Annotations

Branches:
Dungeon (10/15)            Temple (1/1) D:5            Lair (1/5) D:9
    Orc: D:9-12

Altars:
Ashenzari
Cheibriados
Dithmenos
Elyvilon
Fedhas
Gozag
Hepliaklqana
Makhleb
Nemelex Xobeh
Okawaru
Qazlal
Ru
Sif Muna
Trog
Uskayaw
Vehumet
Wu Jian
Xom
Yredelemnul
Zin
The Shining One

Shops:
D:5 *

Annotations:
D:7 3 runed translucent doors, tilp's ghost, novice GnWn
D:9 2 transporters
D:10 exclusion: orange crystal statue


Innate Abilities, Weirdness & Mutations

You regain HP and MP as you explore.


Message History

You hit the centaur but do no damage.
The centaur hits you but does no damage.
The centaur closely misses you.
You puncture the centaur! You freeze the centaur.
The centaur is heavily wounded.
The centaur closely misses you.
The centaur kicks you but does no damage.
You hit the centaur. You freeze the centaur.
The centaur is severely wounded.
The centaur hits you but does no damage.
The centaur kicks you but does no damage.
You puncture the centaur! You freeze the centaur.
You kill the centaur!
The Council accepts your kill.
The heavenly storm settles.
There is a stone staircase leading up here.
You climb upwards.
Level annotation: 2 transporters
There is a stone staircase leading down here.
You start resting.
A komodo dragon is nearby!
You climb downwards.
Level annotation: exclusion: orange crystal statue The boulder beetle bites you!
The boulder beetle waves its antennae.
The boulder beetle barely misses you.
There is a stone staircase leading up here.
You hit the boulder beetle but do no damage.
The boulder beetle is moderately wounded.
You hit the boulder beetle but do no damage.
The boulder beetle is moderately wounded.
The boulder beetle bites you but does no damage.
You hit the boulder beetle but do no damage.
The boulder beetle is moderately wounded.
You hit the boulder beetle but do no damage.
The boulder beetle is moderately wounded.
The boulder beetle bites you!!
* * * LOW HITPOINT WARNING * * *
You feel yourself speed up. The boulder beetle bites you!
You die...

...####.##.≈(≈(##'...####
...).....###(###.###.####
#.......#.##.##..# #)...#
#..##.###........# #))..+
#...........##...###)...#
##.####.....##......###.#
#.# ###...<##..##.###.###
##.# #..................
...# ##......@.#.#####.#
#..#######.....B#.#.# ..
#..##......######.#.#
...##°####.☼# #.#..
....°..°☼○○○# #.........
.####☼)####☼# #...#8.8#.
.#..§°☼○☼☼# # #..#8...8#
.#..####c§# #..8.. ..8
.#.# #☼# #..#.=8 .#


You could see a boulder beetle.

Vanquished Creatures
  A two-headed ogre (D:9)
  A centaur warrior (D:7)
  An ugly thing (D:7)
  A manticore (D:10)
  Jeremiah (D:7)
  An unseen horror (D:6)
  A queen bee (D:9)
  A blink frog (D:9)
  Sigmund (D:2)
  A wraith (D:7)
  3 yaks (D:8)
  A wyvern (D:9)
  A vampire mosquito (D:8)
  Edmund (D:4)
  A steam dragon (D:7)
  Duvessa (D:5)
  An acid dragon (D:7)
  3 orc warriors
  2 sky beasts (D:7)
  2 black bears
  2 ice beasts
  An ogre (D:5)
  4 centaurs
  3 kobold brigands
  2 bullfrogs
  4 scorpions
  2 gnoll sergeants
  Dowan (D:5)
  26 killer bees (D:9)
  4 wights (D:8)
  3 howler monkeys
  4 bombardier beetles
  4 hounds
  2 jellies
  Crazy Yiuf (D:3)
  5 orc priests
  A sleepcap (D:8)
  Terence (D:2)
  2 iguanas
  3 orc wizards
  Ijyb (D:4)
  6 adders
  8 gnolls
  A white imp (D:5)
  2 ufetubi (D:5)
  4 dart slugs
  A ribbon worm (D:4)
  21 orcs
  7 endoplasms
  3 giant cockroaches
  13 goblins
  8 hobgoblins
  10 jackals
  26 kobolds
  5 quokkas
  4 ball pythons
  3 bats (D:1)
  2 frilled lizards
  11 rats
237 creatures vanquished.

Notes
Turn   | Place    | Note
-------+----------+-------------------------------------------
     0 | D:1      | Arcadio the Human Monk began the quest for the Orb.
     0 | D:1      | Reached XP level 1. HP: 18/18 MP: 1/1
   235 | D:1      | Reached XP level 2. HP: 21/24 MP: 2/2
   496 | D:1      | Found a faded altar of an unknown god.
   504 | D:1      | Prayed at the altar of an unknown god.
   504 | D:1      | Became a worshipper of the Wu Jian Council
   504 | D:1      | Reached * piety under Wu Jian
   504 | D:1      | Reached ** piety under Wu Jian
   580 | D:1      | Reached *** piety under Wu Jian
   807 | D:1      | Reached XP level 3. HP: 29/29 MP: 3/3
  1035 | D:2      | Reached XP level 4. HP: 33/37 MP: 4/4
  1305 | D:2      | Noticed Terence
  1317 | D:2      | Killed Terence
  1631 | D:2      | Noticed Sigmund
  1639 | D:2      | Killed Sigmund
  1640 | D:2      | Reached XP level 5. HP: 43/43 MP: 5/5
  1640 | D:2      | Reached XP level 6. HP: 49/49 MP: 6/6
  2539 | D:3      | Reached **** piety under Wu Jian
  2570 | D:3      | Found a runed translucent door.
  2571 | D:3      | Noticed Crazy Yiuf
  2727 | D:3      | Killed Crazy Yiuf
  2845 | D:4      | Reached skill level 5 in Fighting
  2950 | D:4      | Reached skill level 5 in Short Blades
  2950 | D:4      | Reached skill level 5 in Dodging
  2950 | D:4      | Reached XP level 7. HP: 48/56 MP: 7/7
  2952 | D:4      | Identified the +6 dagger "Vairih" {freeze, rC+}
  3105 | D:4      | Noticed Ijyb
  3116 | D:4      | Killed Ijyb
  3804 | D:4      | Noticed Edmund
  3831 | D:4      | HP: 1/57 [Edmund/+1 flail of holy wrath (11)]
  3832 | D:4      | Killed Edmund
  3833 | D:4      | Reached XP level 8. HP: 1/64 MP: 8/8
  4160 | D:5      | Entered Level 5 of the Dungeon
  4189 | D:5      | Noticed Dowan
  4190 | D:5      | Noticed Duvessa
  4405 | D:5      | Killed Duvessa
  4425 | D:5      | Killed Dowan
  4573 | D:5      | Found a staircase to the Ecumenical Temple.
  4648 | Temple   | Entered the Ecumenical Temple
  5145 | D:5      | Found Optiukug's CLEARANCE SALE!.
  5370 | D:6      | Found a white marble altar of Elyvilon.
  5424 | D:6      | Reached XP level 9. HP: 72/72 MP: 9/9
  5554 | D:6      | Noticed an unseen horror
  5584 | D:6      | Killed an unseen horror
  5696 | D:6      | Got Otribb's Quarto of Abominable Deeds and Intoxication
  5892 | D:7      | Noticed Jeremiah
  6040 | D:7      | Noticed tilp's ghost (novice GnWn)
  6490 | D:7      | Killed Jeremiah
  6813 | D:7      | Found a runed translucent gate.
  6813 | D:7      | Found a runed translucent gate.
  6813 | D:7      | Found a runed translucent gate.
  7030 | D:8      | Noticed a centaur warrior
  7038 | D:8      | Noticed a green ugly thing
  7093 | D:7      | Killed a centaur warrior
  7094 | D:7      | Reached XP level 10. HP: 23/82 MP: 10/10
  7326 | D:7      | Killed a green ugly thing
  7327 | D:7      | Reached skill level 1 in Armour
  7464 | D:8      | Reached ***** piety under Wu Jian
  7971 | D:8      | Found an opulent altar of Gozag.
  8931 | D:9      | Reached XP level 11. HP: 27/90 MP: 11/11
  9182 | D:9      | Found a staircase to the Lair.
  9209 | D:9      | Found a transporter.
  9374 | D:9      | Noticed a two-headed ogre
  9391 | D:9      | Killed a two-headed ogre
  9404 | D:9      | Found a transporter.
  9570 | D:9      | Reached skill level 10 in Fighting
  9661 | D:9      | Reached skill level 10 in Short Blades
  9667 | D:9      | Reached skill level 10 in Dodging
 10072 | D:10     | Entered Level 10 of the Dungeon
 10120 | Lair:1   | Entered Level 1 of the Lair of Beasts
 10381 | D:10     | Noticed an orange crystal statue
 10462 | D:10     | Found a bloodstained altar of Trog.
 10509 | D:10     | Noticed a boulder beetle
 10523 | D:10     | Noticed a manticore
 10537 | D:10     | Killed a manticore
 10538 | D:10     | Reached skill level 5 in Armour
 10570 | D:10     | Mangled by a boulder beetle

Illustrated notes

Levels and vault maps discovered:
D:1:      minmay_arrival_four_loops, layout_loops_cross,
          dreamdust_ecumenical_altar_grove
D:2:      wad_pebble_path, layout_basic, uniq_terence, uniq_sigmund
D:3:      layout_basic, minivault_23, uniq_crazy_yiuf_cottage
D:4:      layout_layer_cave, uniq_edmund, uniq_ijyb
D:5:      layout_basic, minmay_temple_entry_statues_fountains, st_stairs_9,
          nicolae_shop_clearance, uniq_duvessa
D:6:      layout_basic, mainiacjoe_overflow_tiny_flanked, serial_rivers,
          chequers_serial_rivers_room_a, chequers_serial_rivers_micro_d,
          chequers_serial_rivers_marsh, chequers_serial_rivers_room_b,
          chequers_serial_rivers_micro_d, solitary_fountain
D:7:      layout_cave_pools, gammafunk_ghost_icy, palyth_stone_intersect,
          uniq_jeremiah
D:8:      minmay_curly_fans, layout_gridville, overflow_temple_1_default
D:9:      layout_loops_corners, lair_entry_dummy, special_room
          [special_room_bee], nicolae_diode_stairs
D:10:     gammafunk_cloud_chamber, layout_basic, trog_hazing_becter,
          gammafunk_temple_overflow_statue, minivault_20,
          chequers_serial_rivers_marsh, dk_noncrumbling_3, minmay_statue_bubble,
          uniq_joseph
Temple:   minmay_crystal_spiral_temple
Lair:1:   lemuel_slime, layout_cave_shapes, portal_ice_cave_entry_pillars_1,
          lemuel_old_faithful, lemuel_fruit_tree, grunt_megastairs_3

Skill      XL: |  1  2  3  4  5  6  7  8  9 10 11 |
---------------+----------------------------------+-----
Fighting       | 4 5 6 7 8 9 10 | 10.2
Short Blades   | 4 5 6 7 8 9 10 | 10.1
Dodging        | 4 5 7 8 9 10 | 10.1
Armour         | 4 5 |  5.0

Action                     |  1- 3 |  4- 6 |  7- 9 | 10-12 || total
---------------------------+-------+-------+-------+-------++-------
  Melee: Short sword       |    41 |       |       |       ||    41
         Dagger            |    48 |   135 |   298 |   462 ||   943
 Invoke: Serpent's Lash    |       |     1 |       |       ||     1
         Heavenly Storm    |       |       |       |     1 ||     1
Ability: Lunge             |     5 |    10 |    12 |    16 ||    43
         Whirlwind         |       |     3 |     5 |     3 ||    11
  Evoke: Wand              |       |       |     3 |     3 ||     6
    Use: Scroll            |       |     1 |     7 |     4 ||    12
         Potion            |       |       |     2 |     8 ||    10
   Stab: Distracted        |       |       |       |     1 ||     1
         Paralysed         |       |       |       |     1 ||     1
 Armour: Robe              |    41 |    36 |    48 |       ||   125
         Ring mail         |       |       |    96 |    46 ||   142
         Plate armour      |       |       |       |   233 ||   233
  Dodge: Dodged            |    52 |    51 |   160 |   154 ||   417
